 Dungeon Crawl Stone Soup version 0.24-a0-458-gfcb5e6da0e (webtiles) character file.

Game seed: 3134604462967953437

8 Iscandelvey the Vexing (level 2, 15/21 HPs)
             Began as a Demonspawn Arcane Marksman on June 27, 2019.
             Quit the game on level 1 of the Dungeon.
             The game lasted 00:00:11 (303 turns).

Iscandelvey the Vexing (Demonspawn Arcane Marksman)  Turns: 303, Time: 00:00:11

Health: 15/21      AC:  2    Str: 10    XL:     2   Next: 0%
Magic:  3/3        EV: 12    Int: 14    God:
Gold:   4          SH:  0    Dex: 13    Spells: 2/3 levels left

rFire    . . .     SeeInvis .   a - +0 hunting sling
rCold    . . .     Gourm    .   (no shield)
rNeg     . . .     Faith    .   e - +0 robe
rPois    .         Spirit   .   (helmet restricted)
rElec    .         Reflect  .   (no cloak)
rCorr    .         Harm     .   (no gloves)
MR       .....                  (no boots)
Stlth    +.........             (no amulet)
HPRegen  0.07/turn              (no ring)
MPRegen  0.08/turn              (no ring)

@: no status effects
A: antennae 1
a: no special abilities


You were on level 1 of the Dungeon.
You were not hungry.

You visited 1 branch of the dungeon, and saw 1 of its levels.

You collected 4 gold pieces.

Inventory:

Hand Weapons
 a - a +0 hunting sling (weapon)
Missiles
 d - 16 sling bullets (quivered)
 h - 34 stones
Armour
 e - a +0 robe (worn)
Scrolls
 b - a scroll of immolation {unknown}
 g - 2 scrolls of identify {unknown}
 i - a scroll of magic mapping {unknown}
 j - 2 scrolls of enchant weapon {unknown}
 k - a scroll of enchant armour {unknown}
Potions
 c - 2 potions of flight {unknown}
Comestibles
 f - a ration


   Skills:
 + Level 1.0 Fighting
 + Level 1.8 Slings
 + Level 1.7 Dodging
 + Level 1.0 Spellcasting
 + Level 3.4 Hexes


You had 2 spell levels left.
You knew the following spells:

 Your Spells              Type           Power        Failure   Level  Hunger
a - Corona                Hex            ##.....      6%          1    ##.....

Your spell library contained the following spells:

 Spells                   Type           Power        Failure   Level  Hunger
 Slow                     Hex            ##......     10%         2    ###....
 Inner Flame              Hex/Fire       #.......     36%         3    ####...
 Portal Projectile        Hex/Tloc       #.....       36%         3    ####...
 Cause Fear               Hex            ##........   54%         4    #####..
 Leda's Liquefaction      Hex/Erth       #.........   78%         4    #####..


Dungeon Overview and Level Annotations

Branches:
Dungeon (1/15)

Altars:


Innate Abilities, Weirdness & Mutations

You have a pair of small antennae on your head.


Message History

d - 14 sling bullets (gained 1)
You see here a +0 short sword.
d - 15 sling bullets (gained 1)
i - a scroll labeled WULIJO DEUM No target in view!
d - 16 sling bullets (gained 1)
Found a stone staircase leading down.
Key pressed, stopping explore.
No target in view!
No target in view!
h - 34 stones (gained 23)
g - 2 scrolls labeled UJIOPREDAYR (gained 1)
j - 2 scrolls labeled CANAFYVUUPS No target in view!
k - a scroll labeled ZEMESI TURANT You open the door.
There is an open door here.
Key pressed, stopping explore.
No target in view!
Are you sure you want to abandon this character and quit the game? (Confirm with "yes".)

.......................#
.#.......#######.#######
#####...# #.# #######.#
.................
................#
................##
#................#
#.........#### #@#
.............# #.#
.............###'##
..................#
.....####.........#
#....# #.........#
#...## #.........# #####
#.........# ########.##


There were no monsters in sight!

Vanquished Creatures
  A dart slug (D:1)
  A kobold (D:1)
  A frilled lizard (D:1)
  2 goblins (D:1)
  2 rats (D:1)
7 creatures vanquished.

Notes
Turn   | Place    | Note
-------+----------+-------------------------------------------
     0 | D:1      | Iscandelvey the Demonspawn Arcane Marksman began the quest
                  | for the Orb.
     0 | D:1      | Reached XP level 1. HP: 15/15 MP: 2/2
   249 | D:1      | Gained mutation: You have a pair of small antennae on your
                  | head. [demonic ancestry]
   249 | D:1      | Reached XP level 2. HP: 11/21 MP: 3/3
   303 | D:1      | Quit the game

Levels and vault maps discovered:
D:1:      giann_horns, layout_basic

Action                   || total
-------------------------++-------
 Fire: Hunting sling     ||    18
Dodge: Dodged            ||     1

Table legend:
 A = Non-vault XP
 B = Vault XP
 C = Vault XP percentage of total XP
 D = Non-vault monster count
 E = Vault monster count
 F = Vault count percentage of total count
                 A         B        C        D         E       F
            +---------+---------+-------+---------+---------+-------
      Total |      12 |       0 |   0.0 |       7 |       0 |   0.0
            +---------+---------+-------+---------+---------+-------
        D:1 |      12 |       0 |   0.0 |       7 |       0 |   0.0
            +---------+---------+-------+---------+---------+-------
